 Dungeon Crawl Stone Soup version 0.25-a0-589-g1e14c549ee (webtiles) character file.

Game seed: 17946030915620683010, levelgen mode: deterministic

13734 LairdRich the Fighter (level 11, -7/110 HPs)
             Began as a Minotaur Berserker on Mar 10, 2020.
             Was a High Priest of Trog.
             Hit by a javelin thrown by Urug (16 damage)
             ... on level 3 of the Lair of Beasts.
             The game lasted 00:33:48 (11804 turns).

LairdRich the Fighter (Minotaur Berserker)         Turns: 11804, Time: 00:33:49

Health: -7/110     AC: 15    Str: 29    XL:     11   Next: 79%
Magic:  14/14      EV: 10    Int:  4    God:    Trog [*****.]
Gold:   549        SH:  0    Dex: 11    Spells: 10/10 levels left

rFire    . . .     SeeInvis .   a - +3 hand axe (elec)
rCold    . . .     Gourm    .   (no shield)
rNeg     . . .     Faith    .   A - +0 plate armour
rPois    .         Spirit   .   G - +0 hat
rElec    .         Reflect  .   (no cloak)
rCorr    .         Harm     .   o - +0 pair of gloves
MR       .....                  m - +0 pair of boots
Stlth    ..........             u - amulet of the acrobat
HPRegen  0.28/turn              f - +5 ring of strength
MPRegen  0.14/turn              (no ring)

@: very slightly contaminated
A: retaliatory headbutt, horns 2
a: Berserk, Trog's Hand, Brothers in Arms, Renounce Religion


You were on level 3 of the Lair of Beasts.
You worshipped Trog.
Trog was extremely pleased with you.
You were not hungry.

You visited 2 branches of the dungeon, and saw 11 of its levels.
You also visited: Sewer.

You collected 549 gold pieces.

Inventory:

Hand Weapons
 a - a +3 hand axe of electrocution (weapon)
 b - a +2 dire flail of venom
 d - a +3 antimagic battleaxe
 h - a +0 hand axe
 J - a +2 antimagic hand axe
Armour
 m - a +0 pair of boots (worn)
 o - a +0 pair of gloves (worn)
 A - a +0 plate armour (worn)
 G - a +0 hat (worn)
Jewellery
 f - a +5 ring of strength (left hand)
 u - an amulet of the acrobat (around neck)
 I - an uncursed amulet of rage {unknown}
Wands
 x - a wand of acid (5)
 E - a wand of random effects (13)
 M - a wand of enslavement (6)
Scrolls
 g - 4 scrolls of teleportation
 l - 14 scrolls of identify
 n - 2 scrolls of blinking
 p - 6 scrolls of remove curse
 q - 2 scrolls of enchant weapon
 y - 2 scrolls of fog
 C - 2 scrolls of immolation
 K - a scroll of enchant armour {unknown}
 L - 2 scrolls of silence {unknown}
 N - a scroll of magic mapping {unknown}
Potions
 e - a potion of cancellation {unknown}
 i - 5 potions of stabbing
 j - 2 potions of heal wounds {unknown}
 k - 3 potions of invisibility {unknown}
 r - 2 potions of brilliance {unknown}
 s - 3 potions of flight {unknown}
 t - 2 potions of haste {unknown}
 v - 5 potions of curing {unknown}
 w - 2 potions of magic {unknown}
 z - 2 potions of degeneration {unknown}
 B - a potion of lignification {unknown}
 D - 2 potions of might {unknown}
 H - a potion of mutation {unknown}
 O - a potion of ambrosia {unknown}
Miscellaneous
 F - a sack of spiders
Comestibles
 c - 12 rations


   Skills:
 - Level 14.0 Fighting
 - Level 14.0 Axes
 + Level 6.0 Armour
 + Level 5.8 Dodging
 + Level 5.7 Evocations


You had 10 spell levels left.
You didn't know any spells.
Your spell library was empty.

Dungeon Overview and Level Annotations

Branches:
Dungeon (8/15)             Temple (0/1) D:5            Lair (3/6) D:8
  Swamp (0/4) Lair:2        Sewer (visited)
  Snake: Lair:2-4    Spider: Lair:2-4

Altars:
Cheibriados
Elyvilon
Fedhas
Gozag
Hepliaklqana
Kikubaaqudgha
Nemelex Xobeh
Sif Muna
Trog
Zin
The Shining One

Annotations:
D:4 1 runed translucent door, KennyOmg's ghost, amateur MiFi
Lair:3 exclusion: oklob plant, Urug


Innate Abilities, Weirdness & Mutations

You reflexively headbutt those who attack you in melee.
You have a pair of horns on your head.


Message History

Urug is almost dead.
Urug hits you with a +3 war axe of flaming!
* * * LOW HITPOINT WARNING * * *
Urug burns you.
* * * LOW HITPOINT WARNING * * *
You hit Urug. Your headbutt misses Urug.
Urug is almost dead.
You barely miss Urug. Your headbutt misses Urug.
Urug is almost dead.
Urug hits you with a +3 war axe of flaming!
* * * LOW HITPOINT WARNING * * *
Urug burns you.
* * * LOW HITPOINT WARNING * * *
Okay, then.
Blink to where?
Press: ? - help, Dir - move target cursor You are very lightly contaminated with residual magic.
As you read the scroll of blinking, it crumbles to dust.
Urug throws a javelin.
The javelin pierces through you!
You die...

#P.........
##..........
##.(.§o(.....
##.<..........
###(.....#######
#.......#.#
##......####
##....>.##
#......@.#
.......###
.....#. ..## ..
. ... $... (....
#...8.


You could see Urug.

Vanquished Creatures
  Gastronok (Lair:1)
  A hydra (Lair:1)
  Psyche (D:8)
  4 spiny frogs
  A black mamba (Lair:1)
  2 komodo dragons
  A rime drake (Lair:1)
  5 hippogriffs
  A human (D:7)
  11 yaks
  A hog (D:7)
  Sigmund (D:2)
  Edmund (D:4)
  5 porcupines
  Purgy (Sewer)
  2 orc warriors
  9 water moccasins
  An ice beast (D:7)
  2 sky beasts
  4 ogres
  2 black bears
  A phantom (D:4)
  6 wolves (Lair:1)
  2 centaurs
  9 crocodiles
  Blork the orc (D:4)
  5 bullfrogs
  A wyvern zombie (D:8)
  A scorpion (D:5)
  5 killer bees (D:8)
  2 howler monkeys
  4 wights (D:8)
  An electric eel (Lair:2)
  A centaur zombie (D:7)
  3 crimson imps
  2 hounds
  6 orc priests
  2 iguanas
  A bullfrog skeleton (D:7)
  2 centaur skeletons
  A gnoll shaman (D:7)
  4 orc wizards
  6 worker ants
  A hound zombie (D:6)
  A hound skeleton (D:4)
  A mummy (D:4)
  A worker ant zombie (D:8)
  3 gnolls (D:7)
  7 adders
  A shadow imp (D:7)
  3 worms
  3 dart slugs
  8 leopard geckos
  25 orcs
  2 ball pythons
  11 giant cockroaches
  4 goblins
  4 hobgoblins
  12 jackals
  8 kobolds
  2 quokkas
  9 bats
  9 frilled lizards
  A jackal zombie (D:8)
  6 rats
  2 fungi
  A plant (Lair:3)
248 creatures vanquished.

Vanquished Creatures (others)
  2 withered plants (D:4)
2 creatures vanquished.

Grand Total: 250 creatures vanquished

Notes
Turn   | Place    | Note
-------+----------+-------------------------------------------
     0 | D:1      | LairdRich the Minotaur Berserker began the quest for the
                  | Orb.
     0 | D:1      | Reached XP level 1. HP: 19/19 MP: 0/0
   362 | D:1      | Reached XP level 2. HP: 27/27 MP: 1/1
  1105 | D:2      | Noticed Sigmund
  1114 | D:2      | Reached XP level 3. HP: 30/33 MP: 0/2
  1122 | D:2      | Killed Sigmund
  1122 | D:2      | Reached XP level 4. HP: 16/41 MP: 0/3
  1122 | D:2      | Reached XP level 5. HP: 19/47 MP: 0/4
  1511 | D:2      | Reached ** piety under Trog
  1763 | D:3      | Reached skill level 5 in Axes
  1878 | D:3      | Reached skill level 5 in Fighting
  1878 | D:3      | Reached XP level 6. HP: 52/56 MP: 5/5
  1879 | D:3      | Found a glowing golden altar of the Shining One.
  2401 | D:4      | Noticed Edmund
  2403 | D:4      | Noticed Blork the orc
  2408 | D:4      | Killed Edmund
  2412 | D:4      | Killed Blork the orc
  2706 | D:4      | Reached skill level 5 in Armour
  2708 | D:4      | Found a glowing drain.
  2716 | D:4      | Reached XP level 7. HP: 61/61 MP: 6/6
  2722 | Sewer    | Entered a sewer
  2776 | Sewer    | Noticed Purgy
  2785 | Sewer    | Killed Purgy
  2861 | D:4      | Reached skill level 1 in Evocations
  2967 | D:4      | Reached skill level 5 in Dodging
  3003 | D:4      | Found a runed translucent door.
  3003 | D:4      | Noticed KennyOmg's ghost (amateur MiFi)
  3208 | D:4      | Reached *** piety under Trog
  3214 | D:4      | Reached XP level 8. HP: 57/71 MP: 8/8
  3305 | D:4      | Found a shimmering blue altar of Sif Muna.
  3415 | D:4      | Found a snail-covered altar of Cheibriados.
  3622 | D:4      | Found a hazy altar of Hepliaklqana.
  3676 | D:5      | Entered Level 5 of the Dungeon
  4035 | D:5      | Found a staircase to the Ecumenical Temple.
  4444 | D:5      | Found an ancient bone altar of Kikubaaqudgha.
  5063 | D:6      | Found a snail-covered altar of Cheibriados.
  5175 | D:6      | Found a white marble altar of Elyvilon.
  5278 | D:6      | Found a sparkling altar of Nemelex Xobeh.
  5934 | D:7      | Reached XP level 9. HP: 65/82 MP: 11/11
  6120 | D:7      | Reached **** piety under Trog
  6383 | D:7      | Reached skill level 5 in Evocations
  6544 | D:8      | Noticed Psyche
  6550 | D:8      | Killed Psyche
  6550 | D:8      | Reached skill level 10 in Fighting
  6550 | D:8      | Reached skill level 10 in Axes
  6769 | D:8      | Found a bloodstained altar of Trog.
  6812 | D:8      | Reached XP level 10. HP: 76/94 MP: 12/12
  7011 | D:8      | Found a staircase to the Lair.
  7061 | D:8      | Reached ***** piety under Trog
  7061 | D:8      | Received a gift from Trog
  7196 | D:8      | Found a glowing silver altar of Zin.
  7801 | D:8      | Found an opulent altar of Gozag.
  7801 | D:8      | Found a white marble altar of Elyvilon.
  7802 | D:8      | Found a blossoming altar of Fedhas.
  7949 | Lair:1   | Entered Level 1 of the Lair of Beasts
  7963 | Lair:1   | Noticed Gastronok
  7981 | Lair:1   | Noticed a seven-headed hydra
  7986 | Lair:1   | Killed Gastronok
  7998 | D:8      | Reached XP level 11. HP: 9/106 MP: 13/13
  8361 | Lair:1   | Killed a seven-headed hydra
  9619 | Lair:1   | Received a gift from Trog
 10710 | Lair:2   | Found a staircase to the Swamp.
 11731 | Lair:3   | Noticed an oklob plant
 11786 | Lair:3   | Noticed Urug
 11804 | Lair:3   | Hit by a javelin thrown by Urug

Levels and vault maps discovered:
D:1:      dpeg_arrival_more_subterranean_lakeside_camping, layout_basic,
          serial_glass, glass_columns_a, glass_columns_b, glass_columns_a,
          glass_columns_a, glass_columns_b, glass_columns_b, glass_columns_a,
          glass_columns_b, glass_columns_b, glass_columns_a,
          due_unseen_surprise, feat_on_display
D:2:      layout_rooms, first_ration, uniq_sigmund
D:3:      layout_loops_ring, nicolae_tso_carved_into_rock
D:4:      layout_gridville, lemuel_coloured_pillars_altar, marbit_many_paths,
          gammafunk_ghost_grave, gup_sewer_entry_pipe, chei_slow_surprise,
          uniq_blork_the_orc, uniq_edmund
D:5:      layout_loops_corners, lemuel_round_altar, temple_fountains,
          minmay_misc_feat_ornament
D:6:      layout_basic, nemelex_altar_shiori, old_standard_altar,
          glass_columns_b, elyvilon_altar_4
D:7:      layout_rooms, st_stairs_1, grunt_livestock, lemuel_another_geyser
D:8:      layout_cave_pools, gammafunk_temple_overflow_forgotten,
          lair_entry_dummy, basic_altar, trog_ov_bears_minmay, uniq_psyche
Lair:1:   layout_cave_pods, uniq_gastronok
Lair:2:   layout_gridlike, swamp_mist_pool, minivault_11, beast_lair_carwin_1
Lair:3:   layout_hall_layers, nicolae_spider_entry_orb_guardian,
          grunt_megastairs_1, minmay_lair_oklob_chamber,
          infiniplex_staircase_pool, uniq_urug

Skill      XL: |  1  2  3  4  5  6  7  8  9 10 11 |
---------------+----------------------------------+-----
Axes           | 4 5 6 8 10 12 14 | 14.0
Fighting       | 4 5 6 8 10 12 14 | 14.0
Armour         | 3 4 5 6 |  6.0
Dodging        | 3 4 5 |  5.8
Evocations     | 2 4 5 |  5.7

Action                   |  1- 3 |  4- 6 |  7- 9 | 10-12 || total
-------------------------+-------+-------+-------+-------++-------
Melee: Hand axe          |    58 |    87 |   210 |   219 ||   574
       Headbutt          |     7 |    14 |    46 |    69 ||   136
       Battleaxe         |       |       |       |     7 ||     7
       Dire flail        |       |       |       |     4 ||     4
Invok: Berserk           |     1 |       |       |       ||     1
       Trog's Hand       |       |     1 |       |       ||     1
Evoke: Wand              |       |       |     2 |     2 ||     4
  Use: Scroll            |       |       |    10 |     1 ||    11
  Eat: Chunk             |     1 |     6 |     5 |     3 ||    15
       Ration            |       |       |     3 |     3 ||     6
Armor: Ring mail         |    25 |    25 |    26 |       ||    76
       Plate armour      |       |       |    54 |    96 ||   150
Dodge: Dodged            |    48 |    51 |   142 |   108 ||   349

Table legend:
 A = Non-vault XP
 B = Vault XP
 C = Vault XP percentage of total XP
 D = Non-vault monster count
 E = Vault monster count
 F = Vault count percentage of total count
                 A         B        C        D         E       F
            +---------+---------+-------+---------+---------+-------
      Total |   13910 |    5710 |  29.1 |     210 |      35 |  14.3
            +---------+---------+-------+---------+---------+-------
        D:1 |      32 |       0 |   0.0 |      22 |       0 |   0.0
        D:2 |      79 |     197 |  71.4 |      25 |       1 |   3.8
        D:3 |     141 |       0 |   0.0 |      15 |       0 |   0.0
        D:4 |     538 |     336 |  38.4 |      20 |      11 |  35.5
        D:5 |     601 |       0 |   0.0 |      21 |       0 |   0.0
        D:6 |     300 |       0 |   0.0 |      11 |       0 |   0.0
        D:7 |     930 |    1181 |  55.9 |      18 |       7 |  28.0
        D:8 |    2518 |     585 |  18.9 |      35 |       2 |   5.4
     Lair:1 |    6050 |    2213 |  26.8 |      29 |       1 |   3.3
     Lair:2 |    1841 |    1052 |  36.4 |      10 |       7 |  41.2
     Lair:3 |     880 |       0 |   0.0 |       4 |       0 |   0.0
      Sewer |       0 |     146 | 100.0 |       0 |       6 | 100.0
            +---------+---------+-------+---------+---------+-------
